 Dungeon Crawl Stone Soup version 0.29-a0-1065-g47a6bb87d6 (webtiles) character file.

Game seed: 12711439368264840351

148437 nucleargodhead the Merfolkian Porcupine (level 17, -3/158 HPs)
             Began as a Merfolk Berserker on Aug 19, 2022.
             Was a High Priest of Trog.
             Succumbed to poison
             ... on level 3 of the Swamp.
             The game lasted 01:23:10 (28235 turns).

nucleargodhead the Merfolkian Porcupine (MfBe)     Turns: 28235, Time: 01:23:11

Health: -3/158     AC: 19    Str: 25    XL:     17   Next: 49%
Magic:  17/17      EV: 25    Int: 13    God:    Trog [*****.]
Gold:   1183       SH:  5    Dex: 20    Spells: 16/16 levels left

rFire   . . .      SeeInvis .   M - +10 bardiche "Efij" {vorpal, Str+2 Dex+5}
rCold   . . .      Faith    .   (shield currently unavailable)
rNeg    + + .      Spirit   .   D - +1 scale mail "Pimuimm" {Rampage rN++}
rPois   .          Reflect  +   h - +0 helmet
rElec   +          Harm     .   i - +2 cloak {Stlth+}
rCorr   .          Rampage  +   B - +1 pair of gloves {hurl}
Will    +....                   (boots currently unavailable)
Stlth   ++++++....              s - amulet of Heille {Reflect rElec Regen+ SH+5}
HPRegen 1.16/turn               v - +4 ring of protection
MPRegen 0.15/turn               e - +6 ring of intelligence

@: lethally poisoned (-3 -> -13), slowed, studying Polearms, quick
A: nimble swimmer 2, mertail
a: Renounce Religion, Berserk, Trog's Hand, Brothers in Arms


You were on level 3 of the Swamp.
You worshipped Trog.
Trog was extremely pleased with you.
You visited 4 branches of the dungeon, and saw 25 of its levels.
You also visited: Gauntlet.

You collected 3056 gold pieces.
You spent 1873 gold pieces at shops.

Inventory:

Hand Weapons
 F - a +3 antimagic glaive
 M - the +10 bardiche "Efij" (weapon) {vorpal, Str+2 Dex+5}
   (Trog gifted it to you on level 9 of the Dungeon)

   It inflicts extra damage upon your enemies.
   Str:       It affects your strength (+2).
   Dex:       It affects your dexterity (+5).
 W - a +4 glaive of flaming
Armour
 h - a +0 helmet (worn)
 i - a +2 cloak of stealth (worn)
 B - a +1 pair of gloves of hurling (worn)
 D - the +1 scale mail "Pimuimm" (worn) {Rampage rN++}
   (You took it off an orc on level 4 of the Dungeon)

   rN:        It greatly protects you from negative energy.
   Rampage:   It bestows one free step when moving towards enemies.
 V - +0 fire dragon scales
 X - a +2 plate armour of fire resistance
Jewellery
 e - a +6 ring of intelligence (right hand)
 n - a ring of protection from cold
 p - a +6 ring of strength
 s - the amulet of Heille (around neck) {Reflect rElec Regen+ SH+5}
   (You found it in a Gauntlet)

   [amulet of reflection]

   It reflects blocked missile attacks.
   rElec:     It insulates you from electricity.
   Regen:     It increases your rate of health regeneration.
   SH:        It affects your SH (+5).
 t - the ring "Lov Koel" {rPois rC+ MP+9}
   (You bought it in a shop on level 2 of the Orcish Mines)

   [ring of magical power]

   rC:        It protects you from cold.
   rPois:     It protects you from poison.
   MP:        It affects your magic capacity (+9).
 v - a +4 ring of protection (left hand)
 w - a ring of protection from cold
 C - a ring of positive energy
 Y - a ring of magical power
Wands
 b - a wand of iceblast (28)
 o - a wand of quicksilver (18)
 G - a wand of paralysis (24)
 O - a wand of flame (39)
 P - a wand of polymorph (10)
 Q - a wand of mindburst (23)
 R - a wand of digging (14)
Scrolls
 a - 6 scrolls of identify
 c - 7 scrolls of fear
 f - 11 scrolls of teleportation
 q - 10 scrolls of butterflies
 r - a scroll of brand weapon
 y - 8 scrolls of enchant armour
 A - 5 scrolls of magic mapping
 E - 2 scrolls of summoning
 H - 5 scrolls of vulnerability
 I - 2 scrolls of blinking
 J - 6 scrolls of immolation
 K - a scroll of torment
 N - a scroll of silence
 S - 5 scrolls of enchant weapon
Potions
 d - 6 potions of magic
 g - 2 potions of cancellation {unknown}
 j - 4 potions of resistance
 k - 11 potions of flight
 l - 3 potions of haste
 m - 7 potions of attraction
 u - 3 potions of invisibility
 x - 14 potions of curing
 z - 8 potions of ambrosia
 L - 5 potions of might
 T - 4 potions of mutation {unknown}
 U - 2 potions of berserk rage {unknown}
 Z - a potion of heal wounds


   Skills:
 - Level 21.0 Fighting
 O Level 27 Polearms
 + Level 6.3 Armour
 + Level 15.8 Dodging
 * Level 13.3 Stealth


You had 16 spell levels left.
You didn't know any spells.
Your spell library was empty.

Dungeon Overview and Level Annotations

Branches:
Dungeon (15/15)            Temple (0/1) D:5            Lair (5/5) D:9
  Swamp (3/4) Lair:2       Spider (0/4) Lair:3        Slime (0/5) Lair:4
    Orc (2/2) D:9             Elf (0/3) Orc:2        Vaults (0/5) D:13
 Depths (0/4) D:15        Gauntlet (visited)

Altars:
Ashenzari
Hepliaklqana
Kikubaaqudgha
Sif Muna
Uskayaw
Vehumet
Wu Jian
The Shining One

Shops:
D:5 [*   D:10 =   D:11 *   D:12 :   Orc:1 (   Orc:2 *(=*!

Portals:
Trove: D:15 (show abyssal rune of Zot)

Annotations:
Lair:3 1 runed translucent door, exclusion: oklob plant, Xiutytse's ghost, journeyman GnDe


Innate Abilities, Weirdness & Mutations

You are very nimble when in or above water. (Stealth+, EV+, Speed+++)
Your lower body shifts to a powerful aquatic tail in water.


Message History

You slice the bog body!!
Your tail-slap misses the bog body.
The bog body is heavily damaged.
The swamp worm barely misses you. The bog body barely misses you.
The swamp worm bites you but does no damage.
You hit the bog body. You tail-slap the bog body.
The bog body is severely damaged.
The bog body touches you. The bog body freezes you!! The swamp worm misses you.
You are too injured to fight recklessly!
You are too injured to fight recklessly!
You are too injured to fight recklessly!
Unknown command.
You slice the swamp worm!! You tail-slap the swamp worm.
You kill the swamp worm!
Trog accepts your kill.
The bog body gestures at you while chanting.
The bolt of cold hits you!!
You carve the bog body like a ham!!!
You destroy the bog body!
Trog accepts your kill.
Trog appreciates your killing of a magic user.
You are engulfed in freezing vapours.
* * * LOW HITPOINT WARNING * * *
Unknown command.
The fenstrider witch points at you and mumbles some strange words.
You suddenly lose the ability to move!
The fenstrider witch gestures at you while chanting.
You shrug off the repeated paralysis!
The fenstrider witch casts a spell at you.
The toxic sludge hits you!!
You are poisoned.
* * * LOW HITPOINT WARNING * * *
You can move again.
Okay, then.
Unknown command.
Press: ? - help, v - describe, . - travel
Here: a fenstrider witch, wielding a +0 scimitar and wearing a +0 robe Some shallow water.
You feel better.
You fester in the toxic bog!!
You are poisoned.
You die...

~~ ♣♣.~~~.~~ ~~~
♣♣♣♣♣♣.~~~§~~~ ♣♣..
♣♣§..~..~~~~~~
♣~..♣♣..§§~.~§...♣ ~
..~~....~~H~~~.~♣♣ ~~
....~~...~§~§~.♣~♣.~.
...~~~~~~~)~~~.♣~/..
...~~~~@~§§~~~.~♣
♣.~~~~~†~~~~~[§♣♣ ♣
♣.~~~~§~~~~.~♣~~♣♣ ♣
♣♣.~~~~~~~~.♣....♣ ♣
...~~~~~§~~...~~~♣ ♣♣
~~..~~~~~~~...~~~♣ ♣.
§~~(.§~§~~~....§.♣ ♣<
..~♣..~~.~§.~§~..♣
♣♣♣~ .~.....~~~~♣
♣♣.§♣


You could see a fenstrider witch.

Vanquished Creatures
  Rupert (Lair:5)
  Aizul (Swamp:2)
  A caustic shrike zombie (D:15)
  An orc warlord (Orc:1)
  A bunyip (Swamp:2)
  The ghost of Dootley the Carver, a journeyman FoFi of Dithmenos (Orc:1)
  5 eleionomae
  A minotaur (Gauntlet)
  An ettin (Orc:1)
  Josephine (Lair:4)
  A shambling mangrove (Swamp:3)
  3 boulder beetles
  The ghost of gdog the Covert, a journeyman GnDe of Gozag (D:9)
  17 hydras
  Erolcha (D:12)
  A catoblepas (Lair:5)
  2 ogre magi
  A vault guard (D:13)
  The ghost of drugrobin the Cleaver, a novice DgDe (D:9)
  9 two-headed ogres
  11 alligators
  A death knight (D:14)
  8 centaur warriors
  12 death yaks
  A deep troll shaman (Lair:5)
  5 orc high priests (Orc:2)
  A vampire mage (D:15)
  2 soul eaters (D:12)
  2 sun demons (D:12)
  Nergalle (Lair:3)
  A sixfirhy (Gauntlet)
  12 skeletal warriors
  Lodul (D:10)
  6 goliath frogs
  2 swamp dragons
  A phantasmal warrior (D:14)
  13 orc knights
  9 bog bodies
  2 lindwurms (Lair:5)
  A necromancer (D:15)
  2 orc sorcerers (Orc:2)
  A fire giant zombie (D:15)
  A deep elf pyromancer (D:15)
  3 ugly things (D:15)
  2 cyclopes (D:15)
  5 will-o-the-wisps
  12 elephants
  3 manticores
  5 black mambas
  A fire giant skeleton (D:15)
  A rust devil (D:12)
  11 cane toads
  2 gargoyles (D:12)
  2 minotaur zombies (Gauntlet)
  A rime drake (Lair:1)
  3 unseen horrors
  2 freezing wraiths (D:14)
  A tengu conjurer (D:13)
  An efreet (D:14)
  10 komodo dragons
  8 tyrant leeches
  7 trolls
  2 polar bears (Lair:5)
  3 meliai (Gauntlet)
  A queen bee (D:10)
  A tarantella (shapeshifter) (D:13)
  2 bloated husks (Swamp:2)
  A wolf spider simulacrum (D:14)
  9 hornets
  18 slime creatures
  14 blink frogs
  5 dream sheep (Lair:5)
  5 spriggans
  3 culicivoras (Lair:3)
  A shadow (D:11)
  34 yaks
  6 wyverns
  6 wraiths
  A hog (shapeshifter) (D:15)
  16 vampire mosquitoes
  5 basilisks
  A warg (Orc:1)
  3 steam dragons
  13 swamp worms
  4 acid dragons
  10 water moccasins
  5 swamp drakes
  51 orc warriors
  2 ice beasts (D:8)
  2 black bears
  15 ogres
  32 wolves
  19 centaurs
  A phantom (D:6)
  Blork the orc (D:6)
  A kobold brigand (D:9)
  4 gnoll sergeants
  6 bullfrogs
  3 scorpions
  8 wights (D:7)
  26 killer bees
  2 electric eels (D:9)
  A howler monkey (D:8)
  A tengu skeleton (D:15)
  9 hounds
  4 jellies
  31 orc priests
  5 iguanas
  21 orc wizards
  Robin (D:3)
  9 adders
  21 gnolls
  3 shadow imps
  3 white imps
  3 ufetubi (Gauntlet)
  4 worms
  The ghost of ragingrage the Sneak, a weakling MiDe (D:4)
  4 dart slugs
  87 orcs
  10 ball pythons
  3 endoplasms
  3 giant cockroaches
  14 goblins
  4 hobgoblins
  2 jackals (D:5)
  13 kobolds
  4 quokkas
  4 bats
  4 frilled lizards
  8 rats
846 creatures vanquished.

Vanquished Creatures (collateral kills)
  A manticore (D:14)
  A centaur (D:15)
2 creatures vanquished.

Vanquished Creatures (others)
  A manticore (D:13)
  A bloated husk (Swamp:3)
  A yak (D:8)
  A swamp worm (Swamp:3)
  An orc (D:3)
  11 foxfires
  28 fungi
  32 plants
  18 withered plants
94 creatures vanquished.

Grand Total: 942 creatures vanquished

Notes
Turn   | Place    | Note
-------+----------+-------------------------------------------
     0 | D:1      | nucleargodhead the Merfolk Berserker began the quest for
                  | the Orb.
     0 | D:1      | Reached XP level 1. HP: 18/18 MP: 1/1
    59 | D:1      | Found a faded altar of an unknown god.
    76 | D:1      | Reached XP level 2. HP: 24/25 MP: 2/2
   566 | D:1      | Reached XP level 3. HP: 25/30 MP: 3/3
   911 | D:2      | Reached ** piety under Trog
   914 | D:2      | Reached skill level 5 in Polearms
  1483 | D:2      | Reached XP level 4. HP: 11/38 MP: 4/4
  2010 | D:3      | Reached XP level 5. HP: 39/43 MP: 5/5
  2058 | D:3      | Reached skill level 5 in Fighting
  2058 | D:3      | Reached skill level 6 in Polearms
  2217 | D:3      | Noticed Robin
  2478 | D:3      | Killed Robin
  2848 | D:4      | Reached XP level 6. HP: 51/51 MP: 6/6
  2854 | D:4      | Reached skill level 7 in Polearms
  3046 | D:4      | Reached *** piety under Trog
  3293 | D:4      | Found a runed translucent gate.
  3293 | D:4      | Identified the +1 scale mail "Pimuimm" {Rampage rN++}
  3293 | D:4      | Noticed ragingrage's ghost (weakling MiDe)
  3294 | D:4      | Found a runed translucent gate.
  3295 | D:4      | Found a runed translucent gate.
  3300 | D:4      | Noticed an orc warrior
  3453 | D:4      | Reached XP level 7. HP: 58/58 MP: 7/7
  3551 | D:4      | Reached skill level 8 in Polearms
  3617 | D:4      | Found a hazy altar of Hepliaklqana.
  3710 | D:4      | Killed ragingrage's ghost
  3896 | D:5      | Entered Level 5 of the Dungeon
  4050 | D:5      | Identified the +0 leather armour "Poczuowi" {Regen+}
  4062 | D:5      | Found a staircase to the Ecumenical Temple.
  4083 | D:5      | Reached skill level 9 in Polearms
  4086 | D:5      | Reached XP level 8. HP: 53/67 MP: 8/8
  4242 | D:5      | Found Juuch's Antique Armour Emporium.
  4312 | D:5      | Found Piaxi's Practical Paraphernalia.
  4388 | D:5      | Reached **** piety under Trog
  4805 | D:5      | Reached skill level 10 in Polearms
  5441 | D:6      | You fall into a shaft and drop 1 floor!
  5640 | D:7      | Reached skill level 11 in Polearms
  5640 | D:7      | Reached XP level 9. HP: 76/76 MP: 9/9
  5642 | D:7      | Identified the +3 dagger of Tychydd {vorpal, Fly rElec
                  | rCorr Dex-2}
  5954 | D:7      | Found an ancient bone altar of Kikubaaqudgha.
  6168 | D:7      | Reached skill level 10 in Fighting
  6168 | D:7      | Reached skill level 12 in Polearms
  6401 | D:7      | Found the +7 staff of the Meek {protect, meekguard}
  6842 | D:8      | Reached ***** piety under Trog
  6843 | D:8      | Reached skill level 13 in Polearms
  6988 | D:8      | Reached XP level 10. HP: 72/87 MP: 10/10
  7131 | D:8      | Reached skill level 14 in Polearms
  7329 | D:8      | Found a glowing golden altar of the Shining One.
  7382 | D:8      | Found a broken altar of Ashenzari.
  7406 | D:8      | Found a radiant altar of Vehumet.
  7546 | D:8      | Found a shimmering blue altar of Sif Muna.
  7711 | D:9      | Found a staircase to the Lair.
  8296 | D:9      | Found a runed translucent gate.
  8297 | D:9      | Found a runed translucent gate.
  8298 | D:9      | Found a runed translucent gate.
  8300 | D:9      | Noticed gdog's ghost (journeyman GnDe)
  8300 | D:9      | Noticed drugrobin's ghost (novice DgDe)
  8332 | D:9      | Identified the +10 bardiche "Efij" {vorpal, Str+2 Dex+5}
                  | (Trog gifted it to you on level 9 of the Dungeon)
  8332 | D:9      | Received a gift from Trog
  8375 | D:9      | Reached skill level 15 in Polearms
  8527 | D:9      | Reached XP level 11. HP: 78/97 MP: 11/11
  8621 | D:9      | Found an ornate altar of the Wu Jian Council.
  9057 | D:9      | Found a staircase to the Orcish Mines.
  9173 | Lair:1   | Entered Level 1 of the Lair of Beasts
  9175 | Lair:1   | Identified 2 scrolls of acquirement
  9175 | Lair:1   | Acquired a manual of Polearms
  9191 | Lair:1   | Reached skill level 16 in Polearms
  9260 | Lair:1   | Acquired a manual of Fighting
  9561 | Lair:1   | Noticed a death yak
  9562 | Lair:1   | Noticed a death yak
  9562 | Lair:1   | Noticed a death yak
  9562 | Lair:1   | Noticed a death yak
  9572 | Lair:1   | Killed a death yak
  9575 | Lair:1   | Killed a death yak
  9576 | Lair:1   | Reached skill level 17 in Polearms
  9577 | Lair:1   | Killed a death yak
  9582 | Lair:1   | Killed a death yak
  9585 | Lair:1   | Reached skill level 18 in Polearms
  9586 | Lair:1   | Reached skill level 15 in Fighting
  9587 | Lair:1   | Found a gate leading to a gauntlet.
  9594 | Gauntlet | Entered a Gauntlet
  9594 | Gauntlet | Found a transporter.
  9594 | Gauntlet | Found a transporter.
  9597 | Gauntlet | Noticed a sixfirhy
  9663 | Gauntlet | Noticed a necromancer
  9885 | Gauntlet | Found a transporter.
  9885 | Gauntlet | Found a transporter.
  9899 | Gauntlet | Found a transporter.
  9909 | Gauntlet | Found a transporter.
  9919 | Gauntlet | Found a transporter.
  9919 | Gauntlet | Found a transporter.
  9920 | Gauntlet | Noticed an entropy weaver
  9922 | Gauntlet | Found a transporter.
  9953 | Gauntlet | Found a transporter.
  9956 | Gauntlet | Found a transporter.
  9980 | Gauntlet | Found a transporter.
 10017 | Gauntlet | Found a transporter.
 10031 | Gauntlet | Found a transporter.
 10031 | Gauntlet | Noticed an entropy weaver
 10131 | Gauntlet | Found a transporter.
 10146 | Gauntlet | Noticed an orange crystal statue
 10147 | Gauntlet | Found a transporter.
 10251 | Gauntlet | Killed a sixfirhy
 10462 | Gauntlet | Identified the amulet of Heille {Reflect rElec Regen+ SH+5}
 10473 | Gauntlet | Reached skill level 19 in Polearms
 10641 | Gauntlet | Noticed a minotaur
 10652 | Gauntlet | Killed a minotaur
 10653 | Gauntlet | Reached XP level 12. HP: 111/111 MP: 12/12
 11002 | Lair:1   | Reached skill level 20 in Polearms
 11321 | Lair:1   | Reached skill level 21 in Polearms
 11647 | Lair:2   | Noticed a five-headed hydra
 11654 | Lair:2   | Killed an eight-headed hydra
 11655 | Lair:2   | Noticed a five-headed hydra
 11939 | Lair:2   | Reached skill level 22 in Polearms
 12079 | Lair:2   | Killed a nine-headed hydra
 12352 | Lair:2   | Found a staircase to the Swamp.
 12522 | Lair:3   | Found a hole to the Spider Nest.
 12612 | Lair:3   | Reached XP level 13. HP: 124/124 MP: 13/13
 12739 | Lair:3   | Found a runed translucent door.
 12749 | Lair:3   | Noticed Nergalle
 12755 | Lair:3   | Killed Nergalle
 12919 | Lair:3   | Found the +1 robe of Vines {NoPotionHeal Regen++++}
 12967 | Lair:3   | Noticed Xiutytse's ghost (journeyman GnDe)
 12972 | Lair:3   | Identified the +8 trident "Zink" {pain, MP+9 Int+4}
 13216 | Lair:3   | Reached skill level 23 in Polearms
 14080 | Lair:4   | Noticed Josephine
 14089 | Lair:4   | Killed Josephine
 14455 | Lair:4   | Found a staircase to the Slime Pits.
 14602 | Lair:5   | Entered Level 5 of the Lair of Beasts
 14632 | Lair:5   | Noticed Rupert
 14785 | Lair:5   | Reached XP level 14. HP: 136/136 MP: 14/14
 14872 | Lair:5   | Reached skill level 24 in Polearms
 15102 | Lair:5   | Paralysed by Rupert for 4 turns
 15113 | Lair:5   | Killed Rupert
 16006 | D:6      | Noticed Blork the orc
 16010 | D:6      | Killed Blork the orc
 16037 | D:5      | Bought a manual of Polearms for 1040 gold pieces
 16556 | D:9      | Killed drugrobin's ghost
 16557 | D:9      | Reached skill level 25 in Polearms
 16561 | D:9      | Killed gdog's ghost
 16689 | Orc:1    | Entered Level 1 of the Orcish Mines
 16721 | Orc:1    | Found a transporter.
 16722 | Orc:1    | Found an ornate altar of the Wu Jian Council.
 16722 | Orc:1    | Noticed an orc warlord
 16741 | Orc:1    | Found a transporter.
 16748 | Orc:1    | Found a transporter.
 16752 | Orc:1    | Found an ornate altar of the Wu Jian Council.
 16754 | Orc:1    | Found a transporter.
 16763 | Orc:1    | Found Foto's Antique Weapon Shop.
 16783 | Orc:1    | Found a runed translucent door.
 16834 | Orc:1    | Noticed Dootley's ghost (journeyman FoFi)
 16865 | Orc:1    | Killed Dootley's ghost
 17174 | Orc:1    | Killed an orc warlord
 17237 | Orc:2    | Entered Level 2 of the Orcish Mines
 17303 | Orc:2    | Reached skill level 26 in Polearms
 17347 | Orc:2    | Found Zoenitol's Assorted Antiques.
 17672 | Orc:2    | Found a staircase to the Elven Halls.
 18766 | Orc:2    | Reached skill level 27 in Polearms
 18899 | Orc:2    | Reached skill level 5 in Dodging
 18902 | Orc:2    | Reached XP level 15. HP: 117/144 MP: 15/15
 19115 | Orc:2    | Found Woull's Weapon Shop.
 19115 | Orc:2    | Found Moss's Jewellery Shop.
 19116 | Orc:2    | Found Voxtis's Assorted Antiques.
 19116 | Orc:2    | Found Vuin's Distillery.
 19221 | Orc:2    | Bought the ring "Lov Koel" {rPois rC+ MP+9} for 496 gold
                  | pieces
 19222 | Orc:2    | Bought a potion of curing for 51 gold pieces
 19224 | Orc:2    | Bought 2 scrolls of identify for 136 gold pieces
 19578 | Orc:1    | Found a runed translucent door.
 19883 | D:10     | Entered Level 10 of the Dungeon
 20229 | D:10     | Reached skill level 10 in Dodging
 20234 | D:10     | Noticed Lodul
 20247 | D:10     | Killed Lodul
 20526 | D:10     | Received a gift from Trog
 20653 | D:10     | Found Maedur's Jewellery Boutique.
 21062 | D:11     | Found Biysubb's General Store.
 21089 | D:11     | Bought a scroll of identify for 24 gold pieces
 21089 | D:11     | Bought a scroll of magic mapping for 90 gold pieces
 21089 | D:11     | Bought a scroll of teleportation for 36 gold pieces
 21412 | D:12     | Noticed Erolcha
 21419 | D:12     | Killed Erolcha
 21677 | D:12     | Reached skill level 1 in Stealth
 21873 | D:12     | Found Arghe's Book Shoppe.
 21912 | D:12     | Identified the +2 robe of Koppeodd {rC+++ Str+2 Int-2}
 23004 | D:13     | Identified the +10 shortbow of Okawaru's Grace {venom, Fly}
 23138 | D:13     | Received a gift from Trog
 23165 | D:13     | Reached skill level 5 in Stealth
 23226 | D:13     | Found a gate to the Vaults.
 23505 | D:14     | Reached XP level 16. HP: 132/152 MP: 16/16
 24840 | D:15     | Entered Level 15 of the Dungeon
 25459 | D:15     | Identified the +5 spear "Nijuyniz" {spect, rC- Will+ rCorr
                  | SInv}
 25482 | D:15     | Found a portal to a secret trove of treasure.
 25519 | D:15     | Found a staircase to the Depths.
 25584 | D:15     | Received a gift from Trog
 25648 | D:15     | Found a hide-covered altar of Uskayaw.
 25754 | D:15     | Reached skill level 10 in Stealth
 26307 | Swamp:1  | Entered Level 1 of the Swamp
 26329 | Swamp:1  | Reached skill level 5 in Armour
 26775 | Swamp:1  | Reached skill level 15 in Dodging
 26826 | Swamp:1  | Reached XP level 17. HP: 158/158 MP: 17/17
 27157 | Swamp:2  | Received a gift from Trog
 27164 | Swamp:2  | Noticed Aizul
 27184 | Swamp:2  | Killed Aizul
 28224 | Swamp:3  | Paralysed by a hornet for 1 turns
 28231 | Swamp:3  | Paralysed by a fenstrider witch for 3 turns
 28235 | Swamp:3  | Succumbed to poison

Illustrated notes

Levels and vault maps discovered:
D:1:      lightli_arrival_statue_moat, layout_rooms, basic_ecumenical_altar,
          minmay_tromino_mix6
D:2:      layout_loops_ring
D:3:      layout_rooms, serial_glass, glass_columns_a, glass_columns_a,
          glass_columns_c, glass_columns_a, glass_columns_a, glass_columns_c,
          glass_columns_a, glass_columns_c, glass_columns_b, glass_columns_b,
          uniq_robin
D:4:      layout_cave_pools, marbit_many_paths, biasface_ghost_orc_armoury,
          minmay_snake_closets
D:5:      layout_basic, minmay_temple_entry_statues_pillars, serial_shops,
          nicolae_take_the_stairs, nicolae_alphabet_shops
D:6:      layout_basic, uniq_blork_the_orc
D:7:      layout_rooms, overflow_temple_1_default, kennysheep_small_spiral,
          pf_guarded_unrand_meek
D:8:      layout_rooms, lemuel_blue_sif_altar, ashenzari_conservatory_becter,
          mainiacjoe_overflow_surrounded_room, lemuel_round_altar,
          kennysheep_generic_room_4
D:9:      layout_roguey, pdpol_wu_jian_five_deadly_venoms, erik_lair_island,
          david_orc_4, gammafunk_ghost_cemetery
D:10:     layout_cave_pools, special_room [special_room_bee], serial_shops,
          nicolae_square_shop, kennysheep_nub, uniq_lodul
D:11:     layout_long_grid, serial_shops, kennysheep_little_box,
          nrook_loot_triangle
D:12:     layout_layer_cave, serial_demonic, serial_demonic_d, serial_demonic_g,
          serial_demonic_g, serial_demonic_e, serial_shops, shop, uniq_erolcha
D:13:     layout_cross, david_vaults_5, minivault_20
D:14:     layout_loops_ring, nicolae_cairo_tiling
D:15:     gammafunk_depths_entry_grave, layout_long_grid,
          nicolae_lava_and_water, nicolae_trove_entry_crossroad,
          nicolae_uskayaw_murder_on_the_dancefloor
Lair:1:   layout_gridlike, gauntlet_entry_generic
Lair:2:   layout_cave_pods, palyth_hydra_swamp_entry, st_stairs_13
Lair:3:   layout_cave_pods, hellmonk_spider_entry_life_and_decay,
          ebering_ghost_funeral_grove, hellmonk_guarded_unrand_vines,
          uniq_nergalle
Lair:4:   layout_gridlike, dpeg_slime_entry_enclosed,
          hangedman_lair_unloving_vines, grunt_megastairs_3, uniq_josephine
Lair:5:   grunt_lair_end_beastmaster, layout_regular_city, grunt_megastairs_4,
          uniq_rupert
Swamp:1:  layout_basic_swamp, infiniplex_staircase_pool
Swamp:2:  layout_falls_marsh, nicolae_swamp_oxbows, swamp_pool1,
          nicolae_swamp_spooky_pond, uniq_aizul
Swamp:3:  layout_basic_swamp, evilmike_swamp_ruin_house_4
Orc:1:    dreamdust_wu_jian_sword_trials, layout_caves, basic_altar,
          serial_shops, nicolae_shop_stone, ebering_ghost_inner_flame,
          lightli_church_of_beogh
Orc:2:    st_orc_pillars, layout_diamond_mine, serial_shops,
          nicolae_shop_overgrown_old_shop, nicolae_orc_lost_temple

Skill      XL: |  1  2  3  4  5  6  7  8  9 10 11 12 13 14 15 16 17 |
---------------+----------------------------------------------------+-----
Fighting       | 4 5 6 7 9 11 12 16 18 20 21 | 21.0
Polearms       | 5 6 7 9 11 13 15 19 22 23 27 | 27.0
Dodging        | 5 13 15 | 15.8
Stealth        | 5 11 13 | 13.3
Armour         | 3 5 6 |  6.3

Action                   |  1- 3 |  4- 6 |  7- 9 | 10-12 | 13-15 | 16-18 || total
-------------------------+-------+-------+-------+-------+-------+-------++-------
Melee: Spear             |   113 |   216 |   451 |       |       |       ||   780
       Punch             |       |     3 |     8 |     4 |       |       ||    15
       Trident           |       |       |    67 |   193 |       |       ||   260
       Bardiche          |       |       |       |   208 |   821 |   446 ||  1475
       Tailslap          |       |       |       |     6 |       |    11 ||    17
       Glaive            |       |       |       |       |       |     3 ||     3
Invok: Berserk           |     4 |     7 |     6 |    15 |    19 |     4 ||    55
       Trog's Hand       |       |     1 |     2 |     2 |     6 |     1 ||    12
       Brothers in Arms  |       |       |       |       |       |     2 ||     2
Evoke: Wand              |       |       |       |     1 |     5 |     6 ||    12
  Use: Scroll            |       |     5 |     2 |     9 |    13 |     6 ||    35
       Potion            |       |       |       |     1 |       |     3 ||     4
 Stab: Sleeping          |       |       |       |     3 |     6 |    11 ||    20
       Distracted        |       |       |       |       |     6 |     3 ||     9
Armor: Animal skin       |    13 |       |       |       |       |       ||    13
       Chain mail        |     6 |   120 |    20 |       |       |       ||   146
       Scale mail        |       |       |   154 |   166 |   245 |    92 ||   657
Dodge: Dodged            |    53 |    66 |   143 |   152 |   337 |   229 ||   980
Block: Other             |       |       |       |    22 |   116 |    67 ||   205
       Reflection        |       |       |       |       |     2 |    11 ||    13

Table legend: (Time is in decaauts)
 A = Elapsed time spent in this place.
 B = Non-inter-level travel time spent in this place.
 C = Inter-level travel time spent in this place.
 D = Time resting spent in this place.
 E = Time spent auto-exploring this place.
 F = Levels seen in this place.
 G = Mean time per level.
                   A        B        C        D        E       F      G
               +--------+--------+--------+--------+--------+-----+--------+
         Total |  27843 |  26332 |   1511 |   6513 |  13543 |  26 | 1070.9 |
       Dungeon |  16036 |  15097 |    939 |   3332 |   8562 |  15 | 1069.1 |
          Lair |   5837 |   5515 |    322 |    724 |   3438 |   5 | 1167.4 |
         Swamp |   1748 |   1722 |     26 |    676 |    559 |   3 |  582.7 |
  Orcish Mines |   3076 |   2853 |    223 |   1292 |    684 |   2 | 1538.0 |
      Gauntlet |   1144 |   1144 |      0 |    486 |    299 |   1 | 1144.0 |
               +--------+--------+--------+--------+--------+-----+--------+

Top non-repeatable levels by time:
   Orc:2: 2030 daAuts
     D:9: 1834 daAuts
    D:14: 1602 daAuts
  Lair:3: 1381 daAuts
     D:7: 1305 daAuts
     D:2: 1287 daAuts
    D:12: 1262 daAuts
  Lair:5: 1175 daAuts
     D:5: 1164 daAuts
  Lair:2: 1158 daAuts
Gauntlet: 1144 daAuts
  Lair:1: 1124 daAuts
     D:4: 1120 daAuts
   Orc:1: 1045 daAuts
  Lair:4: 998 daAuts
